 Dungeon Crawl Stone Soup version 0.19-a0-1883-gc9e4fd8 (webtiles) character file.

156 sugabear the Covered (level 5, -4/33 HPs)
             Began as a Gargoyle Fighter on Oct 14, 2016.
             Slain by an ogre
             ... wielding a +0 giant club
              (15 damage)
             ... on level 2 of the Dungeon.
             The game lasted 00:02:34 (1789 turns).

sugabear the Covered (Gargoyle Fighter)             Turns: 1789, Time: 00:02:35

Health: -4/33      AC: 12    Str: 21    XL:     5   Next: 38%
Magic:  5/5        EV:  8    Int:  8    God:
Gold:   60         SH:  9    Dex:  9    Spells: 0 memorised, 4 levels left

rFire  . . .     SeeInvis .     a - +0 war axe
rCold  . . .     Gourm    .     b - +0 scale mail
rNeg   + . .     Faith    .     c - +0 shield
rPois  ∞         Spirit   .     o - +0 helmet
rElec  +         Dismiss  .     (no cloak)
rCorr  .         Reflect  .     (no gloves)
MR     .....     Harm     .     (no boots)
Stlth  ..........               (no amulet)
                                (no ring)
                                (no ring)

@: no status effects
A: negative energy resistance 1, electricity resistance, unbreathing,
petrification resistance, rot immunity, AC +4
a: no special abilities


You were on level 2 of the Dungeon.
You were not hungry.

You visited 1 branch of the dungeon, and saw 2 of its levels.

You collected 60 gold pieces.

Inventory:

Hand Weapons
 a - a +0 war axe (weapon)
Armour
 b - a +0 scale mail (worn)
 c - a +0 shield (worn)
 o - a +0 helmet (worn)
Jewellery
 l - an uncursed ring of positive energy {unknown}
 n - an uncursed ring of stealth {unknown}
Wands
 q - a wand of confusion (15/48)
Scrolls
 h - 2 scrolls of noise {unknown}
 i - a scroll of magic mapping {unknown}
 m - 2 scrolls of remove curse {unknown}
 p - 2 scrolls of identify {unknown}
 s - a scroll of immolation {unknown}
 w - a scroll of fear {unknown}
 x - a scroll of blinking {unknown}
Potions
 d - a potion of might
 e - a potion of curing {unknown}
 g - a potion of haste {unknown}
 t - a potion of lignification {unknown}
 v - a potion of flight {unknown}
Comestibles
 f - a bread ration
 j - 3 meat rations
 k - a beef jerky
 r - a slice of pizza


   Skills:
 + Level 3.9 Fighting
 + Level 3.3 Axes
 + Level 4.0 Armour
 + Level 1.1 Dodging
 + Level 3.9 Shields


You had 4 spell levels left.
You didn't know any spells.

Dungeon Overview and Level Annotations

Branches:
Dungeon (2/15)

Altars:


Innate Abilities, Weirdness & Mutations

You are resistant to torment.
Your stone body is resilient. (AC +4)
You are immune to poison.
You resist negative energy. (rN+)
You are resistant to electric shocks. (rElec)
You can survive without breathing.
You are immune to petrification.
You are immune to rotting.


Message History

The ogre shouts!
You slash the giant cockroach!
You kill the giant cockroach!
The ogre hits you with a giant club!
You see here a scroll labeled COXE UGOUMA.
You closely miss the ogre. The ogre hits you but does no damage.
You hit the ogre but do no damage. The ogre hits you but does no damage.
You slash the ogre!
The ogre is moderately wounded.
You block the ogre's attack.
You hit the ogre.
The ogre is heavily wounded.
The ogre closely misses you.
You hit the ogre.
The ogre is severely wounded.
The ogre hits you with a giant club.
You hit the ogre.
The ogre is almost dead.
The ogre hits you with a giant club!
You die...

#.# .......#
#.# .⌠.>...
#.# .....
###.# ....
#...# #..
#.### #†#
.##.
##.###### #.#
... #.......#
#.###.#
#....>..#
###@#..<#
#.....).#
#..O...#
##.######
#......# #.#
#......# #.#
#......'. #.#
#....).######
#.#
###.........#
#.#
#########.#
#.# #.#


You could see an ogre.

Vanquished Creatures
  Natasha (thrice) (D:2)
  3 adders (D:2)
  4 dart slugs
  3 giant cockroaches
  A goblin (D:2)
  6 hobgoblins
  3 jackals (D:1)
  5 kobolds
  3 quokkas (D:2)
  7 bats
  2 frilled lizards (D:2)
  6 rats
46 creatures vanquished.

Notes
Turn   | Place    | Note
-------+----------+-------------------------------------------
     0 | D:1      | sugabear the Gargoyle Fighter began the quest for the Orb.
     0 | D:1      | Reached XP level 1. HP: 14/14 MP: 1/1
   163 | D:1      | Reached XP level 2. HP: 19/19 MP: 2/2
   391 | D:1      | Reached XP level 3. HP: 18/24 MP: 3/3
  1026 | D:2      | Noticed Natasha
  1034 | D:2      | Killed Natasha
  1034 | D:2      | Reached XP level 4. HP: 18/29 MP: 4/4
  1133 | D:2      | Noticed Natasha
  1148 | D:2      | Killed Natasha
  1513 | D:2      | Noticed Natasha
  1522 | D:2      | Killed Natasha
  1522 | D:2      | Reached skill level 1 in Dodging
  1522 | D:2      | Reached XP level 5. HP: 28/33 MP: 5/5
  1719 | D:2      | Reached skill level 4 in Armour
  1781 | D:2      | Noticed an ogre
  1789 | D:2      | Slain by an ogre

Vault maps used:
D:1:      evilmike_arrival_crescent, serial_bayou, serial_bayou_pond_c,
          serial_bayou_pond_d, serial_bayou_pond_b, serial_bayou_shore_b,
          chequers_big_river
D:2:      cheibriados_altar_1, grunt_ministairs_1, uniq_natasha

Skill      XL: |  1  2  3  4  5 |
---------------+----------------+-----
Axes           | 2 3 |  3.3
Dodging        | 1 |  1.1
Armour         | 4 |  4.0
Fighting       | |  3.9
Shields        | |  3.9

Action                   |  1- 3 |  4- 6 || total
-------------------------+-------+-------++-------
Melee: War axe           |    89 |   110 ||   199
  Eat: Chunk             |       |     3 ||     3
Armor: Scale mail        |    64 |    65 ||   129
Dodge: Dodged            |    36 |    29 ||    65
Block: Shield            |    50 |    55 ||   105
